Cogmind - Beta 12 @@@ ROGUE MODE // 2023.07.09 @ 13:30:36 Player: jfk Result: Self-destructed Performance ------------- Evolutions (2) 1000 Regions Visited (7) 1400 Robots Destroyed (59) 295 Value Destroyed (1794) 1794 Prototype IDs (30) 600 Alien Tech Used (0) 0 Bonus (334) 334 TOTAL SCORE: 5423 Bonus ------- Follower Combat Kills 83 Aligned with FarCom 300 Friendly Fire -49 Cogmind --------- Core Integrity 179/550 Matter 266/300 Energy 100/100 System Corruption 5% Temperature Cool (0) Movement Core (200) Ox3 Location -8/Materials Parts ------- > --- POWER (1) -------- (None) > --- PROPULSION (4) --- (None) > --- UTILITY (4) ------ Medium Storage Unit > --- WEAPON (2) ------- (None) > --- INVENTORY (10) --- Improved Heat Sink High-capacity Storage Unit Experimental Sensor Array Skeleton Box Trap Reconfigurator Splice Drone Bay (6/6) XL Autogun Array Peak State ------------ > --- POWER ------------ Deuterium Engine > --- PROPULSION ------- Light Treads Armored Treads > --- UTILITY ---------- Improved Heat Sink Medium Storage Unit Improved Light Armor Plating Hardlight Generator > --- WEAPON ----------- Heavy EM Pulse Gun Improved EM Shotgun > --- INVENTORY -------- Improved Ion Engine High-capacity Storage Unit Experimental Sensor Array Skeleton Box Trap Reconfigurator Splice Drone Bay XL Autogun Array [Rating: 29] Favorites ----------- Power Cooled Ion Engine Engine Cooled Ion Engine Power Core Light Nuclear Core Propulsion Light Treads Treads Light Treads Wheel Armored Wheel Utility Improved Heat Sink Device Improved Heat Sink Storage Medium Storage Unit Protection Improved Light Armor Plating Weapon Improved EM Shotgun Energy Gun Improved EM Shotgun Energy Cannon Light EM Pulse Cannon Ballistic Gun Heavy Assault Rifle Launcher Grenade Launcher Build | -11 -10 -10 -9 -9 -9 -8 -8 ------- Run | Jun Mat Min Mat Min Exi Min Mat Slots Evolved 4 | . . . 2 . . . 2 Power . | . . . . . . . . Propulsion 2 | . . . . . . . 2 Utility 2 | . . . 2 . . . . Weapon . | . . . . . . . . Parts Attached 59 | 8 3 11 20 5 . . 12 Power 10 | 2 . 4 2 . . . 2 Engine 9 | 2 . 3 2 . . . 2 Core 1 | . . 1 . . . . . Reactor . | . . . . . . . . Propulsion 10 | 2 1 1 4 . . . 2 Treads 9 | 2 1 1 4 . . . 1 Leg . | . . . . . . . . Wheel 1 | . . . . . . . 1 Hover . | . . . . . . . . Flight . | . . . . . . . . Utility 15 | 2 1 . 7 3 . . 2 Device 9 | 1 1 . 3 2 . . 2 Storage 2 | 1 . . 1 . . . . Processor . | . . . . . . . . Hackware . | . . . . . . . . Protection 4 | . . . 3 1 . . . Artifact . | . . . . . . . . Weapon 24 | 2 1 6 7 2 . . 6 Energy Gun 13 | 2 . 3 4 . . . 4 Energy Cannon 3 | . . . 1 1 . . 1 Ballistic Gun 4 | . 1 2 . . . . 1 Ballistic Cannon . | . . . . . . . . Launcher 4 | . . 1 2 1 . . . Special Weapon . | . . . . . . . . Impact Weapon . | . . . . . . . . Slashing Weapon . | . . . . . . . . Piercing Weapon . | . . . . . . . . Special Melee Weapon . | . . . . . . . . Unidentified Prototypes 6 | . . . 3 1 . . 2 Corrupted Parts 2 | . . . 1 . . . 1 System Corruption 12 | . . . 7 . . . 5 Parts Lost 14 | . 1 2 . 1 . . 10 Power 3 | . . 1 . . . . 2 Propulsion 4 | . . 1 . . . . 3 Utility 3 | . . . . 1 . . 2 Weapon 4 | . 1 . . . . . 3 Highest Loss Streak 8 | . 1 1 . 1 . . 8 To Critical Strikes . | . . . . . . . . Average Slot Usage (%) 96 | . 99 99 99 99 100 100 69 Engine 11 | . 14 13 11 11 11 11 8 Treads 23 | . 28 27 22 22 22 22 16 Device 18 | . 14 14 21 22 22 22 11 Storage 11 | . 14 14 11 11 11 11 9 Protection 6 | . . . 11 10 11 11 7 Energy Gun 13 | . 16 13 16 11 11 11 13 Energy Cannon 3 | . . . 3 8 11 11 . Ballistic Gun 5 | . 11 14 . . . . 2 Naked Turns . | . . . . . . . . Heaviest Build 37 | 15 15 19 34 37 34 34 35 Greatest Support 40 | 40 40 40 40 40 40 40 40 Greatest Overweight (x) 3 | . . . . . . . 3 Average Overweight (x) . | . . . . . . . . Largest Inventory Capacity 10 | 8 8 8 10 10 10 10 10 Average Capacity 9 | 6 8 8 9 10 10 10 10 Most Carried 10 | 8 8 8 10 10 10 10 10 Average Carried 9 | 5 7 7 9 9 9 10 9 Final Capacity 10 | 8 8 8 10 10 10 10 10 Final Carried 10 | 8 7 8 10 10 10 10 10 Class Distribution -------------------- 60% | Scavenger-Mutant 39% | Mutant Dominant Class ---------------- Mutant | -10/Materials Scavenger-Mutant | -10/Mines Mutant | -9/Materials Scavenger-Mutant | -9/Mines Scavenger-Mutant | -9/Exiles Scavenger-Mutant | -8/Mines Mutant | -8/Materials Resources | -11 -10 -10 -9 -9 -9 -8 -8 ----------- Run | Jun Mat Min Mat Min Exi Min Mat Matter Collected 1467 | 280 152 389 285 163 . 86 112 Remotely 319 | 167 152 . . . . . . Salvage Created 2358 | 95 334 133 1097 159 . 78 462 Parts 163 | 4 24 21 81 2 . 5 26 Haulers Intercepted 3 | . 1 . 2 . . . . Recyclers Shooed 2 | . . 1 . . . . 1 Parts Field Recycled . | . . . . . . . . Retrieved Matter . | . . . . . . . . Parts Self-Destructed . | . . . . . . . . Prevented . | . . . . . . . . Kills | -11 -10 -10 -9 -9 -9 -8 -8 ------- Run | Jun Mat Min Mat Min Exi Min Mat Combat Hostiles Destroyed 48 | . 8 5 17 8 . 2 8 Guns 30 | . 8 3 12 . . 1 6 Cannons 7 | . . . 3 3 . 1 . AOE 9 | . . 2 1 5 . . 1 Classes Destroyed 12 | 2 4 . 4 2 . . . Worker 1 | . . . 1 . . . . Tunneler 3 | 1 . 1 . . . . 1 Hauler 3 | . 1 . 2 . . . . Recycler 1 | 1 . . . . . . . Operator 2 | . . . 2 . . . . Watcher 6 | . 1 . 5 . . . . Swarmer 7 | . 3 3 . . . 1 . Grunt 23 | . 5 2 7 2 . 1 6 Brawler 1 | . . . 1 . . . . Sentry 11 | . . . 9 . . . 2 Demolisher 1 | . . . . 1 . . . Assembled 5 | . . . . 5 . . . Best Kill Streak 4 | 1 3 3 3 4 . 1 3 Combat Bots Only 4 | . 3 3 2 4 . 1 3 Max Kills in Single Turn 2 | 1 1 1 2 2 . 1 2 Gunslinging 1 | . . . 1 . . . . Exploded 2 | . . 1 1 2 . . 1 Melee . | . . . . . . . . Uniques/NPCs Destroyed . | . . . . . . . . Combat | -11 -10 -10 -9 -9 -9 -8 -8 -------- Run | Jun Mat Min Mat Min Exi Min Mat Damage Taken 3361 | . 375 431 662 309 . 68 1516 Core 589 | . 52 72 58 36 . . 371 Absorbed by Shields 72 | . . . 36 28 . . 8 Core Remaining (%) 75 | 100 . 50 . . . 76 . Volleys Fired 164 | 3 32 22 57 13 . 10 27 Largest 2 | 2 2 2 2 2 . 2 2 Hottest 101 | 90 90 88 101 101 . 101 90 Shots Fired 295 | 6 59 45 98 23 . 13 51 Gun 246 | 6 59 41 77 9 . 3 51 Cannon 34 | . . . 14 10 . 10 . Launcher 15 | . . 4 7 4 . . . Special . | . . . . . . . . Kinetic 55 | . 19 22 . . . . 14 Thermal 59 | 3 32 19 5 . . . . Explosive 15 | . . 4 7 4 . . . Electromagnetic 166 | 3 8 . 86 19 . 13 37 Robot Hit Streak 20 | 2 8 4 20 9 . 5 14 Robot Miss Streak 5 | 2 2 3 3 5 . 1 4 Penetration Max . | . . . . . . . . Secondary Targets 2 | . . . 1 . . . 1 Max Gunslinging Chain 1 | . . . 1 . . . 1 Shots Hit Robots 204 | 3 42 22 74 16 . 10 37 Core Hits 127 | 1 19 14 50 16 . 3 24 Critical Kills . | . . . . . . . . Critical Parts Destroyed . | . . . . . . . . Critical Strikes 3 | . 2 . 1 . . . . Burn 2 | . 2 . . . . . . Corrupt 1 | . . . 1 . . . . Melee Attacks . | . . . . . . . . Impact . | . . . . . . . . Slashing . | . . . . . . . . Piercing . | . . . . . . . . Sneak Attacks . | . . . . . . . . Combat Hostiles . | . . . . . . . . Follow-up Attacks . | . . . . . . . . Damage Inflicted 4217 | 37 540 382 1459 700 . 226 873 Guns 2532 | 36 525 265 987 48 . 64 607 Cannons 449 | . . . 111 189 . 149 . Explosions 1173 | . . 117 339 458 . . 259 Melee . | . . . . . . . . Ramming 63 | 1 15 . 22 5 . 13 7 Kinetic 440 | . 167 172 . . . . 101 Thermal 845 | 24 263 93 155 107 . . 203 Explosive 739 | . . 117 271 351 . . . Electromagnetic 2130 | 12 95 . 1011 237 . 213 562 Impact . | . . . . . . . . Slashing . | . . . . . . . . Piercing . | . . . . . . . . Highest Corruption 9 | . 3 3 9 9 9 9 5 Average Corruption 6 | . 2 3 8 9 9 9 5 Corruption Purged . | . . . . . . . . Corruption Blocked . | . . . . . . . . Effects 156 | . 14 30 31 38 24 14 5 Message Errors 33 | . 2 6 9 6 4 4 2 Matter Fused 38 | . 3 6 7 10 7 4 1 Heat Flow Errors 18 | . 4 3 1 7 2 1 . Energy Discharges 19 | . . 4 4 4 6 . 1 Parts Fused 4 | . 1 . . 1 1 1 . Data Loss (minor) 19 | . 2 5 4 3 4 1 . Data Loss (major) 10 | . . 4 1 2 . 2 1 Misfires 6 | . . 1 2 3 . . . Alerts 6 | . 1 1 2 2 . . . Weapon Failures 3 | . 1 . 1 . . 1 . Overload Shots . | . . . . . . . . Overflow Damage 14 | . . 14 . . . . . Projectiles . | . . . . . . . . Explosions 14 | . . 14 . . . . . Melee . | . . . . . . . . Knockbacks . | . . . . . . . . Impact . | . . . . . . . . Kinetic . | . . . . . . . . Secondary . | . . . . . . . . Self-Inflicted Damage 229 | . . 54 54 43 . . 78 Shots 8 | . . 2 2 2 . . 2 Rammed 13 | . 4 . 4 2 . 1 2 Targets Rammed 14 | 1 4 . 4 2 . 1 2 Kicked . | . . . . . . . . Crushed 1 | 1 . . . . . . . Highest Temperature 337 | 90 337 216 110 232 205 127 23 Average Temperature 93 | 47 116 90 33 92 92 73 7 Received Heat Transfer 1412 | . 174 150 234 26 . 36 792 Effects 3 | . 3 . . . . . . Shutdowns 1 | . 1 . . . . . . Energy Bleed 1 | . 1 . . . . . . Short Circuit 1 | . 1 . . . . . . Siege Activations . | . . . . . . . . Robots Corrupted 2 | . . . 1 . . . 1 Combat Hostiles 2 | . . . 1 . . . 1 Parts Fried 13 | . . . 7 1 . . 5 Impact Corruptions . | . . . . . . . . Robots Melted . | . . . . . . . . Combat Hostiles . | . . . . . . . . Parts Melted . | . . . . . . . . Heat Transferred 1893 | 74 925 259 285 100 . . 250 Parts Sabotaged . | . . . . . . . . Parts Stolen . | . . . . . . . . Parts Stripped . | . . . . . . . . Power Chain Reactions 5 | . . . 2 1 . . 2 Missiles Intercepted . | . . . . . . . . Alert | -11 -10 -10 -9 -9 -9 -8 -8 ------- Run | Jun Mat Min Mat Min Exi Min Mat Peak Influence 384 | 10 181 171 384 199 . 177 155 Initial 134 | . 6 31 . 134 . . 68 Average 94 | 4 70 30 186 67 . 164 89 Maximum Alert Level 1 | . . . 1 . . . . Low Security (%) 89 | 100 100 100 57 100 . 100 100 Level 1 10 | . . . 42 . . . . Level 2 . | . . . . . . . . Level 3 . | . . . . . . . . Level 4 . | . . . . . . . . Level 5 . | . . . . . . . . High Security . | . . . . . . . . Max Security . | . . . . . . . . Squads Dispatched 8 | . 2 1 1 . . . 4 Investigation 3 | . 1 1 . . . . 1 Extermination . | . . . . . . . . Reinforcement 5 | . 1 . 1 . . . 3 Assault . | . . . . . . . . Garrison . | . . . . . . . . Intercept . | . . . . . . . . Searches Triggered . | . . . . . . . . Construction Impeded 1 | . . . . . . . 1 Haulers Reinforced . | . . . . . . . . Active Scanning Responses . | . . . . . . . . Cargo Convoy Interrupts . | . . . . . . . . Stealth | -11 -10 -10 -9 -9 -9 -8 -8 --------- Run | Jun Mat Min Mat Min Exi Min Mat Distress Signals 10 | . 2 . 5 . . . 3 Communications Jammed . | . . . . . . . . Distress Signals . | . . . . . . . . Times Spotted 112 | . 14 12 36 19 . 6 25 Peak Tracking Total 11 | . 4 4 4 8 . 3 11 Tactical Retreats 3 | . . . 1 1 . . 1 Traps | -11 -10 -10 -9 -9 -9 -8 -8 ------- Run | Jun Mat Min Mat Min Exi Min Mat Traps Triggered 7 | . 2 . 2 . . . 3 Indirectly . | . . . . . . . . Trap Hack Attempts . | . . . . . . . . Triggered . | . . . . . . . . Disarmed . | . . . . . . . . Reprogrammed . | . . . . . . . . Reused . | . . . . . . . . Traps Extracted . | . . . . . . . . Installed . | . . . . . . . . Triggered 1 | . . . 1 . . . . Machines | -11 -10 -10 -9 -9 -9 -8 -8 ---------- Run | Jun Mat Min Mat Min Exi Min Mat Machines Disabled 5 | . . 2 1 . . . 2 Max in Single Turn 1 | . . 1 1 . . . 1 Machines Repaired . | . . . . . . . . Machines Sabotaged . | . . . . . . . . Overloaded Fab Kills . | . . . . . . . . Hacking | -11 -10 -10 -9 -9 -9 -8 -8 --------- Run | Jun Mat Min Mat Min Exi Min Mat Machines Accessed 18 | . 5 1 9 1 1 . 1 Terminals 14 | . 5 . 9 . . . . Fabricators . | . . . . . . . . Repair Stations . | . . . . . . . . Recycling Units . | . . . . . . . . Scanalyzers . | . . . . . . . . Garrison Access 1 | . . . . . . . 1 Total Hacks 42 | . 14 1 23 1 1 . 2 Successful 23 | . 5 1 15 1 1 . . Failed 19 | . 9 . 8 . . . 2 Catastrophic 5 | . 4 . 1 . . . . Database Lockouts . | . . . . . . . . Manual 21 | . 9 . 11 . 1 . . Terminals 37 | . 14 . 23 . . . . Fabricators . | . . . . . . . . Repair Stations . | . . . . . . . . Recycling Units . | . . . . . . . . Scanalyzers . | . . . . . . . . Garrison Access 2 | . . . . . . . 2 Terminal Hacks 17 | . 5 1 9 1 1 . . Prototype ID Bank 1 | . . . 1 . . . . Open Door 2 | . . 1 . 1 . . . Branch Access Points 1 | . . . 1 . . . . Terminal Index 2 | . 1 . 1 . . . . Alert Level 1 | . . . 1 . . . . Maintenance Status 1 | . 1 . . . . . . Patrol Status 1 | . . . 1 . . . . Hauler Manifests 2 | . 1 . 1 . . . . Registered Components 1 | . . . 1 . . . . Registered Prototypes 2 | . 1 . 1 . . . . Zone Layout 2 | . 1 . 1 . . . . EX-Prototype ID Bank 1 | . . . . . 1 . . Fabricator Hacks . | . . . . . . . . Repair Station Hacks . | . . . . . . . . Recycling Unit Hacks . | . . . . . . . . Scanalyzer . | . . . . . . . . Garrison Access Hacks . | . . . . . . . . Unauthorized Hacks 6 | . . . 6 . . . . Terminals 6 | . . . 6 . . . . Assimilate 1 | . . . 1 . . . . Botnet 4 | . . . 4 . . . . Disrupt 1 | . . . 1 . . . . Fabricators . | . . . . . . . . Repair Stations . | . . . . . . . . Recycling Units . | . . . . . . . . Scanalyzers . | . . . . . . . . Garrison Access . | . . . . . . . . Data Cores Recovered 2 | . . . 2 . . . . Used 1 | . . . 1 . . . . Hacking Detections 12 | . 4 . 7 . . . 1 Full Trace Events 1 | . 1 . . . . . . Feedback Events . | . . . . . . . . Feedback Blocked . | . . . . . . . . Robot Schematics Acquired . | . . . . . . . . Robots Built . | . . . . . . . . Authchips . | . . . . . . . . Time . | . . . . . . . . Total Robot Build Rating . | . . . . . . . . Part Schematics Acquired . | . . . . . . . . Parts Built . | . . . . . . . . Authchips . | . . . . . . . . Time . | . . . . . . . . Total Part Build Rating . | . . . . . . . . Parts Repaired . | . . . . . . . . Time . | . . . . . . . . Parts Recycled . | . . . . . . . . Recycled Matter . | . . . . . . . . Retrieved Matter . | . . . . . . . . Retrieved Components . | . . . . . . . . Parts Scanalyzed . | . . . . . . . . Part Schematics Acquired . | . . . . . . . . Parts Damaged . | . . . . . . . . Bothacking | -11 -10 -10 -9 -9 -9 -8 -8 ------------ Run | Jun Mat Min Mat Min Exi Min Mat Used RIF Installer . | . . . . . . . . Robots Hacked . | . . . . . . . . Non-combat . | . . . . . . . . Combat . | . . . . . . . . Robot Hacks Applied . | . . . . . . . . Relay Couplers Released . | . . . . . . . . Fabnet Peak Effective % . | . . . . . . . . Robots Rewired . | . . . . . . . . Allies Hacked . | . . . . . . . . Hacks Repelled . | . . . . . . . . Allies | -11 -10 -10 -9 -9 -9 -8 -8 -------- Run | Jun Mat Min Mat Min Exi Min Mat Total Allies 6 | . . . 1 5 . . . Largest Group 3 | . . . 1 3 3 3 2 Highest-Rated Group 46 | . . . 10 46 40 40 32 Highest-Rated Ally 31 | . . . 10 31 16 16 16 Total Orders 2 | . . . . . . . 2 STAY 2 | . . . . . . . 2 Ally Attacks 34 | . . . . 3 . 24 7 Total Damage 346 | . . . . . . 254 92 Kills 5 | . . . . . . 5 . Allies Corrupted . | . . . . . . . . Allies Melted 1 | . . . . . . . 1 Intel | -11 -10 -10 -9 -9 -9 -8 -8 ------- Run | Jun Mat Min Mat Min Exi Min Mat Robot Analysis Total . | . . . . . . . . Derelict Logs Recovered 5 | . . 2 . 3 . . . Drone Launches . | . . . . . . . . Drone Recoveries . | . . . . . . . . Exploration | -11 -10 -10 -9 -9 -9 -8 -8 ------------- Run | Jun Mat Min Mat Min Exi Min Mat Turns Passed 7611 | 129 776 1972 1795 1189 672 374 704 Spaces Moved 3972 | 67 336 1064 882 712 417 215 279 Core 17 | 7 . . . . . . 10 Treads 3951 | 60 336 1064 882 712 417 215 265 Legs . | . . . . . . . . Wheels 4 | . . . . . . . 4 Hover . | . . . . . . . . Flight . | . . . . . . . . Fastest Speed 50 | 50 160 160 160 160 160 160 90 Average Speed 160 | 148 160 160 160 160 160 160 165 Slowest Speed 250 | 160 160 160 160 160 160 160 250 Overloaded Moves . | . . . . . . . . Propulsion Burnouts . | . . . . . . . . Robots Hopped . | . . . . . . . . Cave-ins Triggered . | . . . . . . . . Exploration Rate (%) 65 | 5 65 99 89 98 89 52 30 Regions Visited 7 Branch Regions 4 Pre-discovered Areas 4 | . . 1 . 3 . . . Known Exits Taken 1 | . . . 1 . . . . Unknown Exits Taken 6 | 1 1 1 . 1 1 1 . Scrap Searched 3 | . . 1 . 1 . 1 . Spaces Dug 4 | . . . 4 . . . . Terrain Destroyed 128 | . . 30 50 39 . . 9 Melee . | . . . . . . . . Projectile . | . . . . . . . . AOE 128 | . . 30 50 39 . . 9 Terrain Rammed . | . . . . . . . . Walls Destroyed . | . . . . . . . . Machines Disabled . | . . . . . . . . Actions | -11 -10 -10 -9 -9 -9 -8 -8 --------- Run | Jun Mat Min Mat Min Exi Min Mat Total 4928 | 87 514 1293 1166 740 425 231 472 Wait 647 | . 133 177 182 4 . 6 145 Move 3965 | 66 335 1063 881 711 416 214 279 Hop . | . . . . . . . . Pick Up 33 | 8 3 8 9 2 3 . . Fast Attach 31 | 7 . 4 7 2 . . 11 Attach 7 | . 2 1 3 . . . 1 Detach 1 | . . . . . . . 1 Swap 21 | 1 1 6 10 3 . . . Drop 45 | 1 4 12 13 3 6 . 6 Fire 164 | 3 32 22 57 13 . 10 27 Melee . | . . . . . . . . Ram . | . . . . . . . . Kick . | . . . . . . . . Crush 14 | 1 4 . 4 2 . 1 2 Escape Stasis . | . . . . . . . . Rewire . | . . . . . . . . Trap . | . . . . . . . . Miscellaneous . | . . . . . . . . Route ------- -11/Junkyard -10/Materials -10/Mines (discovered 2 exits: *Mat x2) -9/Materials (discovered 4 exits: *Mat x2 / *Min x2) -9/Mines (discovered 3 exits: *Mat x2 / *Exi) -9/Exiles -8/Mines -8/Materials (discovered 1 exit: [*Fac]) History --------- Turn | Location | Event 105 | -11/Junkyard | Discovered new exit (range 16) 130 | -11/Junkyard | Entered Materials 303 | -10/Materials | Build established: Mutant 470 | -10/Materials | Discovered new exit (range 14) 906 | -10/Materials | Entered Mines 1262 | -10/Mines | Learned Materials terminal intel 1299 | -10/Mines | Joined a pair of Derelicts in attacking an 0b10 outpost 1402 | -10/Mines | Build established: Scavenger-Mutant 1519 | -10/Mines | Met a Derelict shopkeep closing up shop 1761 | -10/Mines | Discovered new exit (range 5) 1828 | -10/Mines | Discovered new exit (range 5) 1941 | -10/Mines | YI-UF0 nonchalantly dropped a Grenade Launcher on the ground 2878 | -10/Mines | Entered Materials 2878 | -9/Materials | Evolved 2 slots: Utility x2 2879 | -9/Materials | Loaded intel: 12 terminal locations 3842 | -9/Materials | Build established: Mutant 3873 | -9/Materials | Discovered new exit (range 15) 3961 | -9/Materials | Identified exit to Mines 4265 | -9/Materials | Discovered new exit (range 14) 4673 | -9/Materials | Entered Mines 4673 | -9/Mines | Discovered new exit (range 9) 4676 | -9/Mines | Met a Derelict bent on vengeance 4730 | -9/Mines | Assembled infested the area 5185 | -9/Mines | Deemed a non-threat by the Exiles lab entrance 5213 | -9/Mines | Found the Drone Emporium 5222 | -9/Mines | Found Prototype Device 5222 | -9/Mines | Identified Splice Drone Bay 5308 | -9/Mines | Build established: Scavenger-Mutant 5326 | -9/Mines | Discovered new exit (range 9) 5638 | -9/Mines | Found a damaged Exp. Sensor Array with a note attached 5642 | -9/Mines | Found Prototype Device 5710 | -9/Mines | Assisted by bots powering up and referring to "LRC-V3" 5854 | -9/Mines | Discovered new exit (range 5) 5862 | -9/Mines | Entered Exiles 5862 | -9/Exiles | Accompanied by 3 allies 5902 | -9/Exiles | Met 8R-AWN 5930 | -9/Exiles | Met EX-HEX 5979 | -9/Exiles | Met EX-BIN 5998 | -9/Exiles | Aligned with FarCom system 6000 | -9/Exiles | Given EX-Vault access code 6038 | -9/Exiles | Opened EX-Vault 6050 | -9/Exiles | Found Skeleton Box 6055 | -9/Exiles | Found Trap Reconfigurator 6063 | -9/Exiles | Found XL Autogun Array 6096 | -9/Exiles | Warned to stay clear of 0b10 Research branches 6142 | -9/Exiles | Met EX-DEC 6207 | -9/Exiles | Visited The Gauntlet 6520 | -9/Exiles | Discovered new exit (range 10) 6534 | -9/Exiles | Stole three prototypes: Skeleton Box, Trap Reconfigurator, XL Autogun Array 6534 | -9/Exiles | Entered Mines 6534 | -8/Mines | Accompanied by 3 allies 6896 | -8/Mines | Discovered new exit (range 10) 6908 | -8/Mines | Entered Materials 6908 | -8/Materials | Accompanied by 2 allies 6908 | -8/Materials | Evolved 2 slots: Propulsion x2 7431 | -8/Materials | Discovered new exit (range 8) 7451 | -8/Materials | Build established: Mutant 7595 | -8/Materials | Core integrity fell below 50% 7612 | -8/Materials | Self-destructed Last Messages --------------- 07549_ Lgt. Treads destroyed. 07550_ System corrupted: Substantial component data lost. 07552_ Imp. EM Shotgun destroyed. 07555_ Y-45 Defender IFF system glitched. 07561_ W-25 Informer sends out distress signal. 07566_ Imp. Ion Engine destroyed. 07576_ Critical hit (Burn: +37). 07578_ Enh. Autogun destroyed. 07578_ Critical hit (Burn: +37). 07580_ Triggered Alarm Trap. 07580_ An alarm sounds. 07580_ ALERT: Alarm triggered, dispatching investigation squad. 07586_ Arm. Treads destroyed. 07589_ Terminal disabled. 07593_ P5O1SYFJ| 07595_ Acquired Arm. Wheel. 07596_ K-01 Serf collects debris. 07598_ Critical hit (Burn: +37). 07600_ Arm. Wheel destroyed. Map ----- +----------------------------------------------------+ | ??????????????????????????# """ #?????????????? | | ??????????????????????????# #?????????????? | | ??????????????????????????# """ #?????????????? | | ??????????????????????????# """ #?????????????? | | ??????????????????????????# "" #?????????????? | | ??????????????????????????# [%! #?????????????? | | ??????????????????????????#####+####???????#?????? | | ????????????????????????????#*=*[!####### ???? | | ????????????????????????????# =%|%* ???? | | ????????????????????????????# !== ???? | | ????????????????????????????# ???? | | ????????????????????????????# ####### ???? | | ????????????????????????????## ##???????? ????? | | ?????????????????????????????# #########???????? | | ?????????????????????????????# # #???????? | | ?????????????????????????????# #! #???????? | | ??????????????????############ # #???????? | | ????????????w???? g# """#???????? | | ????????????????? # """#???????? | | ??????????????????############ # """#???????? | | ?????????????????????????????# # #???????? | | ?????????????????????????????# # """#???????? | | ?????????????????????????????# + """#???????? | | ?????????????????????????????# # """#???????? | | ??????????????????############ # #???????? | | ??????????????????# @ ##gg ## ######???????? | | ??????????????????# """"""" #Yg ######## #???? | | ??????????????????# """""""g#g g #???? | | ??????????????????? """"""" + gg #???? | | ????????????????????""""""" # +???? | | ?????????????????????"""""" # ######## # ??? | | ?????????????????????? a ### ###????????? #???? | | ????????????????????? #? ???????????????? | | ????????????????????######### """??????????????? | | ????????????????????????????? """"?????????????? | | ????????????????????????????# """""????????????? | | ????????????????????????????# """"?????????????? | | ????????????????????????????# ""???????????????? | | ????????????????????????????# "????????????????? | | ????????????????????????????# "????????????????? | | ????????????????????????????# ????????????????? | | ????????????????????????????#####????????????????? | | ?????????????????????????????????????????????????? | | ?????????????????????????????????????????????????? | | ?????????????????????????????????????????????????? | | ?????????????????????????????????????????????????? | | | | | | | | | +----------------------------------------------------+ Best States ------------- Heat Dissipation 45 Energy Generation 14 Energy Capacity 280 Matter Stores 300 Matter Capacity 300 Sight Range 16 Terrain Scan Density 10 Armor Coverage 150 Resistance: TH 10 Evasion (%) 41 Recoil Reduction 2 Item Schematics ----------------- None Robot Schematics ------------------ None Fabricated ------------ Nothing Alien Tech Used ----------------- None Achievements -------------- None Challenges ------------ None Game ------ Seed ArmageddonSpikedExtractor Manual? 0 Play Time 01:03:15 Cumulative 387.3 hours Start 2023.07.04 @ 15:31:31 End 2023.07.09 @ 13:30:36 Sessions 4 Manual Loads 0 Difficulty Rogue Special Mode None Game No. 131 Rogue 19 Adventurer 0 Explorer 112 Win Type - Total 26 Types 15/3/1/1/1/2/1/2/0 Lore% 70 Gallery% 84 Achievement% 82 Wizard Run 0 Options --------- ASCII 1 Keyboard 0 Movement Mouse Keybinds 0 Fullscreen 2 Font 18/TerminusBold Map View 76x50 Tactical HUD 1 Map Filters NONE Filters NONE Steam 1 RUN: d95aabde-4c5b-4a1f-9639-6e2e81d06f7c